 Dungeon Crawl Stone Soup version 0.30.1-3-gfc49f6343a (webtiles) character file.

Game seed: 58735481754897040

27 FishyPogo the Grave Robber (level 2, -2/19 HPs)
             Began as a Vampire Necromancer on July 22, 2023.
             Slain by Terence
             ... wielding a +0 trident of protection
              (9 damage)
             ... on level 2 of the Dungeon.
             The game lasted 00:04:22 (829 turns).

FishyPogo the Grave Robber (Vampire Necromancer)     Turns: 829, Time: 00:04:52

Health: -2/19      AC:  2    Str:  7    XL:     2   Next: 93%
Magic:  0/5        EV: 12    Int: 17    God:
Gold:   24         SH:  0    Dex: 14    Spells: 4/5 levels left

rFire   . .          .
                       - Unarmed
rCold   . . .        (no shield)
rNeg    . . .        a - +0 robe
rPois   .            (no helmet)
rElec   .            (no cloak)
rCorr   .            (no gloves)
SInv    +            (no boots)
Will    .....        (no amulet)
Stlth   ++           (no ring)
HPRegen 0.43/turn    (no ring)
MPRegen 0.09/turn

%: no passive effects
@: healing quickly
A: alive, fangs 3, see invisible, vampiric 1
a: Exsanguinate


You were on level 2 of the Dungeon.
You visited 1 branch of the dungeon, and saw 2 of its levels.

You collected 24 gold pieces.

Inventory:

Missiles
 l - 2 javelins
Armour
 a - a +0 robe (worn)
Scrolls
 c - 2 scrolls of poison {unknown}
 e - a scroll of noise {unknown}
 j - a scroll of silence {unknown}
 k - 2 scrolls of vulnerability {unknown}
Potions
 b - a potion of magic
 f - a potion of berserk rage {unknown}
 g - 2 potions of heal wounds {unknown}
 h - a potion of lignification
 i - a potion of attraction {unknown}


   Skills:
 - Level 2.1 Dodging
 + Level 3.7 Stealth
 + Level 1.2 Unarmed Combat
 + Level 2.3 Spellcasting
 + Level 4.6 Necromancy


You had 4 spell levels left.
You knew the following spells:

 Your Spells              Type           Power      Damage    Failure   Level
a - Necrotise             Necr           68%        1d7       2%          1

Your spell library contained the following spells:

 Spells                   Type           Power      Damage    Failure   Level
 Vampiric Draining        Necr           17%        2d7       9%          3
 Animate Dead             Necr           17%        N/A       26%         4
 Agony                    Necr           17%        N/A       58%         5


Dungeon Overview and Level Annotations

Branches:
Dungeon (2/15)

Altars:

Annotations:
D:2 Terence


Innate Abilities, Weirdness & Mutations

Your natural rate of healing is accelerated.
You have razor-sharp teeth.
You have supernaturally acute eyesight. (SInv)
You are afflicted with vampirism.


Message History

Press: ? - help, Shift-Dir - straight line, f/p - Terence
Aim: Terence, wielding a +0 trident of protection and wearing a +0 scale mail (lightly wounded, ally target, chance to affect: 81%) Terence writhes in agony.
Terence closely misses you.
Your goblin skeleton closely misses Terence.
Found a scroll labelled RYSMYA UPER.
Terence misses you.
Your goblin skeleton closely misses Terence.
Casting: Necrotise (safe; 2% risk of failure)
Confirm with . or Enter, or press ? or * to list all spells.
Aiming: Necrotise (safe; 2% risk of failure)
Press: ? - help, Shift-Dir - straight line, f/p - Terence
Aim: Terence, wielding a +0 trident of protection and wearing a +0 scale mail (heavily wounded, ally target, chance to affect: 81%) Terence barely resists.
Terence closely misses you.
An endoplasm comes into view.
Your goblin skeleton hits Terence but does no damage.
Casting: Necrotise (safe; 2% risk of failure)
Confirm with . or Enter, or press ? or * to list all spells.
Aiming: Necrotise (safe; 2% risk of failure)
Press: ? - help, Shift-Dir - straight line, f/p - Terence
Aim: Terence, wielding a +0 trident of protection and wearing a +0 scale mail (heavily wounded, ally target, chance to affect: 81%) Terence barely resists.
Terence hits you with a +0 trident of protection!
Ouch! That really hurt!
Your kobold skeleton barely misses Terence.
It was a potion of lignification.
You turn into a tree.
Your +0 robe melds into your body.
Your roots penetrate the ground.
Terence hits you but does no damage.
Your goblin skeleton closely misses Terence.
You hit Terence.
Terence is heavily wounded.
Terence hits you but does no damage. The endoplasm freezes you.
You are frozen.
Your kobold skeleton misses Terence.
Your goblin skeleton closely misses Terence.
It was a potion of cancellation.
Your magical effects are unravelling.
You feel magically purged.
You feel less wooden.
Your +0 robe unmelds from your body.
Terence hits you with a +0 trident of protection!
You die...

#)<.#####.##
#..........#
#.#.#####..#
#.#.# .#
#.#.#####..#####
#.#............
#.#.##.######.#
#.#.##.# ##.##
#..@Z#####...##
#..J.@.......Z.#
#..#Z)#####...<#
#..#..# ##.#.#
#..#..# #.#.# #.
#..# #.#.# #
#... #.### ?...
###


You could see Terence (ally target), an endoplasm, a friendly goblin skeleton
and a friendly kobold skeleton.

Vanquished Creatures
  A ball python (D:2)
  An endoplasm (D:1)
  3 goblins
  A hobgoblin (D:1)
  5 quokkas (D:1)
  2 bats (D:1)
  2 frilled lizards (D:1)
  A kobold (D:2)
  3 rats (D:1)
19 creatures vanquished.

Vanquished Creatures (collateral kills)
  A dart slug (D:1)
  2 goblins (D:1)
  A bat (D:1)
  A rat (D:1)
5 creatures vanquished.

Grand Total: 24 creatures vanquished

Notes
Turn   | Place    | Note
-------+----------+-------------------------------------------
     0 | D:1      | FishyPogo the Vampire Necromancer began the quest for the
                  | Orb.
     0 | D:1      | Reached XP level 1. HP: 13/13 MP: 3/3
   201 | D:1      | Reached XP level 2. HP: 19/19 MP: 1/5
   275 | D:1      | Reached skill level 1 in Unarmed Combat
   819 | D:2      | Noticed Terence
   829 | D:2      | Slain by Terence

Illustrated notes

Levels and vault maps discovered:
D:1:      minmay_arrival_plants_in_alcoves, layout_basic, solitary_fountain
D:2:      minmay_angry_zag, layout_loops_ring,
          shapermc_ecumenical_altar_mp_urbaneastern, uniq_terence,
          uniq_crazy_yiuf_cottage

Skill      XL: |  1  2 |
---------------+-------+-----
Unarmed Combat | 1 |  1.2
Dodging        | |  2.1
Stealth        | |  3.7
Spellcasting   | |  2.3
Necromancy     | |  4.6

Action                     || total
---------------------------++-------
  Melee: Unarmed           ||    15
   Cast: Necrotise         ||    31
    Use: Potion            ||     2
   Stab: Sleeping          ||     1
 Armour: Robe              ||     7
         Skin              ||     2
  Dodge: Dodged            ||    17
